 Dungeon Crawl Stone Soup version 0.28.0 (webtiles) character file.

Game seed: 3964675228028091704

144 browni3141 the Skirmisher (level 5, 0/47 HPs)
             Began as a Minotaur Fighter on Feb 11, 2022.
             Slain by Duvessa (5 damage)
             ... on level 4 of the Dungeon.
             The game lasted 00:01:24 (1352 turns).

browni3141 the Skirmisher (Minotaur Fighter)        Turns: 1352, Time: 00:01:24

Health: 0/47       AC: 14    Str: 22    XL:     5   Next: 5%
Magic:  4/4        EV:  7    Int:  5    God:
Gold:   90         SH:  4    Dex: 10    Spells: 4/4 levels left

rFire   . . .      SeeInvis .   a - +0 war axe
rCold   . . .      Faith    .   c - +0 buckler
rNeg    . . .      Spirit   .   i - +0 chain mail
rPois   .          Reflect  .   (helmet restricted)
rElec   .          Harm     .   m - +0 cloak
rCorr   .          Rampage  .   (no gloves)
Will    .....                   f - +2 pair of boots
Stlth   ..........              (no amulet)
HPRegen 0.15/turn               (no ring)
MPRegen 0.09/turn               (no ring)

@: no status effects
A: horns 2, retaliatory headbutt
a: no special abilities


You were on level 4 of the Dungeon.
You visited 1 branch of the dungeon, and saw 4 of its levels.

You collected 90 gold pieces.

Inventory:

Hand Weapons
 a - a +0 war axe (weapon)
Armour
 b - a +0 scale mail
 c - a +0 buckler (worn)
 f - a +2 pair of boots (worn)
 i - a +0 chain mail (worn)
 m - a +0 cloak (worn)
Jewellery
 n - a ring of magical power
Scrolls
 g - a scroll of vulnerability {unknown}
 h - a scroll of teleportation {unknown}
 j - a scroll of silence {unknown}
 k - a scroll of blinking {unknown}
 l - a scroll of acquirement {unknown}
 o - a scroll of magic mapping {unknown}
Potions
 d - 2 potions of might
 e - a potion of heal wounds {unknown}


   Skills:
 + Level 4.7 Fighting
 + Level 3.8 Axes
 + Level 4.7 Armour
 + Level 4.6 Shields


You had 4 spell levels left.
You didn't know any spells.
Your spell library contained the following spells:

 Spells                   Type           Power      Damage    Failure   Level
 Leda's Liquefaction      Hex/Erth       0%         N/A       100%        4
 Lee's Rapid Deconstruct  Erth           0%         3d5*      100%        5
 Statue Form              Tmut/Erth      0%         N/A       100%        6


Dungeon Overview and Level Annotations

Branches:
Dungeon (4/15)
 Temple: D:4-7

Altars:
Gozag
Yredelemnul

Annotations:
D:4 Dowan, Duvessa, Pikel


Innate Abilities, Weirdness & Mutations

You have a pair of horns on your head.
You reflexively headbutt those who attack you in melee.


Message History

The lemure shouts!
You block the lemure's attack. Dowan hits you with a +0 dagger.
* * * LOW HITPOINT WARNING * * *
Duvessa hits you but does no damage. The lemure hits you.
* * * LOW HITPOINT WARNING * * *
You are too injured to fight recklessly!
You are too injured to fight recklessly!
You are too injured to fight recklessly!
You are too injured to fight recklessly!
The lemure hits you but does no damage.
Dowan casts a spell.
Dowan blinks!
Dowan gestures at you while chanting. The puff of frost misses you.
Pikel says, "I'm sure they'll be treated well, anyway."
Dowan casts a spell.
Dowan blinks!
There is a stone staircase leading up here.
Duvessa hits you but does no damage.
Found 12 sling bullets.
The lemure hits you but does no damage. Pikel completely misses you.
Dowan casts a spell.
Dowan blinks!
Dowan casts a spell.
Dowan blinks!
Duvessa says, "When magic and the sword combine, nothing stands against them."
Dowan points at you and mumbles some strange words.
You resist with some effort.
Dowan says, "Stay away from my face!"
Dowan gestures at you while chanting. The puff of flame hits you!
* * * LOW HITPOINT WARNING * * *
Dowan hits you but does no damage. Dowan hits you but does no damage.
Dowan points at you and mumbles some strange words.
The puff of flame hits you but does no damage.
There is a stone staircase leading up here.
Dowan laughs at you. "Don't get delusional, you can't win!"
Duvessa hits you with a +0 short sword.
You die...

#.............
#.............
..#####............
..^...............
#...............#
##.#...............#
...#.....(.........#
.............Ke@..#
..............e...#
#..##....5......# #
#......55.......###.#
#.>....####+###.....#
##.....####.#.5....###
#.....'....#(.........
#....5######......####
#.#.....55.5.........


You could see Pikel, Duvessa, 3 lemures and Dowan.

Vanquished Creatures
  A lemure (D:4)
  A phantom (D:4)
  3 adders (D:2)
  3 worms (D:2)
  2 endoplasms
  A giant cockroach (D:2)
  5 goblins (D:2)
  4 hobgoblins
  3 kobolds
  2 quokkas
  4 ball pythons
  4 bats
  2 rats
35 creatures vanquished.

Vanquished Creatures (others)
  A plant (D:2)
1 creature vanquished.

Grand Total: 36 creatures vanquished

Notes
Turn   | Place    | Note
-------+----------+-------------------------------------------
     0 | D:1      | browni3141 the Minotaur Fighter began the quest for the
                  | Orb.
     0 | D:1      | Reached XP level 1. HP: 19/19 MP: 0/0
   170 | D:1      | Reached XP level 2. HP: 25/27 MP: 1/1
   418 | D:2      | Reached XP level 3. HP: 29/33 MP: 2/2
   688 | D:2      | Found an opulent altar of Gozag.
   895 | D:2      | Found a faded altar of an unknown god.
  1197 | D:3      | Found a basalt altar of Yredelemnul.
  1212 | D:4      | Reached XP level 4. HP: 41/41 MP: 3/3
  1224 | D:4      | Noticed a phantom
  1232 | D:4      | Killed a phantom
  1233 | D:4      | Reached XP level 5. HP: 42/47 MP: 4/4
  1287 | D:4      | Noticed Duvessa
  1287 | D:4      | Noticed a lemure
  1287 | D:4      | Noticed Dowan
  1291 | D:4      | Noticed Pikel
  1292 | D:4      | Noticed a lemure
  1308 | D:4      | Noticed a lemure
  1310 | D:4      | Killed a lemure
  1314 | D:4      | Noticed a lemure
  1352 | D:4      | Slain by Duvessa

Illustrated notes

Levels and vault maps discovered:
D:1:      dpeg_arrival_tiny_e, layout_rooms
D:2:      layout_basic, basic_altar, dilly_ecumenical_altar_fadedgnrine,
          hangedman_decor_peaks_small, serial_bayou_pond_a
D:3:      layout_loops_ring, mainiacjoe_overflow_alcove_2,
          yredelemnul_altar_generic, mainiacjoe_overflow_paths,
          uniq_crazy_yiuf_cottage
D:4:      layout_basic, uniq_pikel, uniq_edmund, uniq_duvessa

Skill      XL: |  1  2 |
---------------+-------+-----
Fighting       | 4 |  4.7
Armour         | 4 |  4.7
Shields        | 4 |  4.6
Axes           | 3 |  3.8

Action                   |  1- 3 |  4- 6 || total
-------------------------+-------+-------++-------
Melee: War axe           |    68 |    22 ||    90
       Headbutt          |     7 |     3 ||    10
Armor: Scale mail        |     9 |       ||     9
       Chain mail        |    35 |    20 ||    55
Dodge: Dodged            |    25 |    13 ||    38
Block: Buckler           |    13 |     7 ||    20
